Map: King's Cove LE

Players

Colly

  • Race: Zerg Zerg
  • League: Diamond
  • Spawn Location: 11:00

Darksidezoom - Winner!

  • Race: Zerg Zerg
  • League: Diamond
  • Spawn Location: 5:00

VOD

Have the link to the VOD?

Description

Time

  • Played on: Jan. 29, 2019, 12:29 a.m.
  • Length: 25:16
Show
View Real Time Build Order
Export as new Build Order

Colly Zerg 

Build Orders: Pool First 

Get SALT Encoding   

  12  0:03  Drone  
  13  0:12  Overlord  
  13  0:19  Drone  
  14  0:32  Drone x2  
  16  0:42  Drone  
  17  0:50  Spawning Pool  
  17  0:52  Extractor  
  15  0:58  Drone  
  15  1:00  Drone  
  17  1:08  Drone  
  18  1:18  Drone  
  19  1:29  Overlord  
  19  1:36  Queen  
  21  1:40  Zergling x2  
  22  1:50  Overlord  
  22  2:01  Metabolic Boost  
  22  2:03  Hatchery  
  22  2:07  Zergling x2  
  22  2:12  Zergling x2  
  23  2:24  Baneling Nest  
  23  2:26  Drone  
  23  2:33  Drone  
  24  2:44  Zergling x2  
  25  2:56  Zergling x6  
  28  3:01  Queen  
  30  3:07  Zergling x2  
  31  3:16  Zergling x2  
  31  3:19  Zergling x2  
  31  3:29  Baneling x2  
  31  3:30  Baneling x2  
  31  3:31  Zergling x4  
  33  3:38  Zergling x8  
  37  3:44  Overlord  
  37  3:58  Zergling x6  
  31  4:21  Zergling x10  
  31  4:22  Zergling x6  
  38  4:30  Zergling x2  
  39  4:36  Zergling x2  
  39  4:38  Zergling x2  
  34  4:47  Lair  
  34  5:06  Baneling x3  
  35  5:07  Zergling x10  
  35  5:11  Drone x3  
  40  5:41  Zergling x12  
  46  5:43  Baneling x4  
  46  5:49  Drone  
  46  5:57  Evolution Chamber  
  45  6:05  Evolution Chamber  
  45  6:07  Spire  
  43  6:13  Drone  
  43  6:17  Extractor  
  43  6:18  Drone x3  
  45  6:19  Drone  
  42  6:51  Drone x5  
  42  6:52  Drone  
  48  7:04  Zerg Melee Weapons Level 1, Zerg Ground Armor Level 1  
  48  7:17  Drone, Extractor  
  48  7:18  Drone x2, Extractor  
  48  7:19  Drone x2  
  51  7:24  Overlord x3  
  51  7:47  Mutalisk x2  
  55  7:53  Burrow  
  55  7:59  Zergling x12  
  61  8:13  Mutalisk  
  61  8:16  Mutalisk  
  61  8:17  Hatchery  
  64  8:33  Mutalisk  
  64  8:34  Mutalisk  
  68  8:49  Mutalisk x2  
  72  8:56  Zergling x8  
  72  8:57  Overlord  
  72  8:58  Overlord  
  74  9:18  Mutalisk x3  
  74  9:21  Zergling x4  
  78  9:33  Spine Crawler  
  78  9:34  Spine Crawler  
  76  9:44  Zergling x10  
  76  10:02  Zergling x6  
  48  10:24  Mutalisk x3  
  48  10:25  Zergling x2  
  55  11:02  Baneling x5  
  55  11:03  Baneling x4  
  55  11:08  Drone  
  55  11:09  Drone  
  51  11:36  Zergling x2  
  51  11:37  Zergling x14  
  53  11:40  Centrifical Hooks  
  53  11:47  Drone  
  53  11:48  Drone x2  
  56  12:05  Baneling  
  56  12:06  Baneling x7  
  56  12:16  Hatchery  
  53  12:29  Baneling x2  
  53  12:30  Baneling x3  
  47  12:54  Zergling x6  
  46  13:19  Zergling x2  
  45  13:36  Drone x2  
  45  13:39  Drone x2  
  49  13:47  Queen  
  51  13:58  Baneling x6  
  51  14:07  Drone  
  52  14:10  Zerg Melee Weapons Level 2  
  52  14:17  Evolution Chamber  
  52  14:19  Zergling x2  
  52  14:20  Zergling x10, Hatchery  
  52  14:23  Baneling x2  
  56  14:40  Zergling x4  
  58  14:58  Zergling x8  
  58  14:59  Baneling  
  62  15:00  Baneling x11  
  49  15:27  Zergling x2  
  49  15:28  Zergling x16  
  53  15:33  Baneling  
  53  15:34  Baneling  
  53  15:36  Baneling x2  
  53  15:37  Drone x2  
  53  15:38  Drone  
  53  15:39  Queen  
  54  16:05  Baneling x4  
  54  16:06  Baneling x2, Zergling x4  
  54  16:07  Zergling x12  
  54  16:09  Baneling x2  
  54  16:10  Baneling x2  
  62  16:22  Infestation Pit  
  62  16:24  Zerg Ground Armor Level 2  
  51  16:33  Zergling x14  
  58  16:54  Zergling x14  
  56  17:02  Zergling x2  
  57  17:09  Baneling x2  
  57  17:10  Baneling x12, Zergling x2  
  57  17:11  Zergling x2  
  59  17:17  Hive  
  59  17:21  Drone x3  
  62  17:43  Hatchery  
  53  18:04  Zergling x24  
  53  18:05  Zergling x8  
  69  18:17  Baneling x6  
  69  18:18  Baneling x2  
  69  18:19  Baneling x9  
  59  18:59  Spire  
  59  19:00  Baneling x2  
  59  19:01  Baneling x4  
  59  19:02  Baneling x2  
  57  19:03  Zergling x20  
  57  19:09  Zerg Melee Weapons Level 3  
  67  19:15  Queen  
  67  19:16  Evolution Chamber  
  68  19:24  Zergling x10  
  60  19:44  Zergling x16  
  68  19:51  Queen  
  70  19:53  Drone x4  
  70  19:54  Drone x7  
  81  20:13  Corruptor x3  
  87  20:17  Greater Spire  
  87  20:26  Baneling x4  
  87  20:27  Baneling  
  87  20:29  Extractor  
  87  20:32  Drone x3, Extractor  
  87  20:33  Drone x2  
  87  20:34  Drone  
  91  20:36  Overlord x2  
  91  20:42  Baneling x3  
  91  20:45  Corruptor  
  93  21:11  Extractor  
  92  21:12  Drone x3, Extractor  
  92  21:13  Drone x3  
  97  21:39  Brood Lord x3  
  103  21:46  Zergling x18  
  112  21:48  Overlord x4  
  112  22:02  Hatchery  
  111  22:08  Overlord, Corruptor  
  111  22:09  Overlord  
  111  22:10  Overlord  
  111  22:13  Corruptor x4  
  121  22:20  Baneling  
  121  22:21  Baneling x7  
  121  22:34  Corruptor  
  121  22:35  Corruptor  
  125  22:38  Zergling x14  
  125  22:39  Extractor  
  125  22:44  Queen x2  
  132  22:46  Spore Crawler  
  132  22:49  Spore Crawler  
  132  22:51  Spore Crawler  
  117  23:09  Mutalisk x5  
  111  23:26  Zergling x2  
  87  23:27  Zergling x10, Mutalisk  
  87  23:28  Mutalisk  
  85  23:34  Queen  
  85  23:40  Spore Crawler  
  86  23:56  Zergling x2  
  86  23:57  Zergling x16  
  77  24:18  Zergling x2  
  77  24:19  Zergling x14  
  77  24:23  Baneling x6  
  85  24:34  Brood Lord  
  82  24:41  Baneling x8  
Show
View Real Time Build Order
Export as new Build Order

Darksidezoom Zerg - Winner!

Build Orders: Hatch First, Zergling Baneling 

Get SALT Encoding   

  12  0:01  Drone  
  13  0:13  Overlord  
  13  0:18  Drone  
  14  0:35  Drone x2  
  14  0:36  Drone  
  17  0:58  Hatchery  
  17  1:00  Drone  
  17  1:03  Drone  
  18  1:07  Extractor  
  17  1:22  Spawning Pool  
  16  1:26  Drone  
  16  1:28  Drone  
  18  1:41  Drone  
  18  1:42  Overlord  
  19  2:09  Queen  
  19  2:12  Zergling x6  
  19  2:15  Queen  
  26  2:20  Spine Crawler  
  25  2:28  Drone  
  26  2:30  Zergling x2  
  26  2:31  Zergling x2  
  28  2:38  Metabolic Boost  
  28  2:57  Baneling Nest  
  27  3:01  Drone x2  
  27  3:03  Zergling x4  
  27  3:04  Zergling x2  
  32  3:12  Overlord  
  33  3:27  Drone x4  
  36  3:35  Overlord  
  36  3:53  Hatchery  
  35  3:59  Baneling x4  
  35  4:05  Zergling x2, Evolution Chamber  
  35  4:06  Zergling x2  
  26  4:18  Zergling x8  
  28  4:34  Zergling x6  
  28  4:35  Zergling x6  
  30  4:48  Baneling x4  
  30  4:51  Zergling x4  
  30  4:52  Zergling x2  
  33  5:01  Zerg Ground Armor Level 1  
  33  5:07  Zergling x4  
  35  5:14  Drone  
  36  5:27  Spine Crawler  
  36  5:28  Zergling x6  
  38  5:39  Drone  
  38  5:40  Drone x3  
  38  5:42  Drone  
  43  5:51  Drone  
  44  5:57  Roach Warren  
  44  6:00  Overlord  
  43  6:11  Overlord  
  43  6:12  Overlord  
  43  6:15  Drone  
  44  6:18  Drone  
  44  6:19  Drone  
  46  6:26  Queen  
  48  6:47  Roach x5  
  57  6:59  Roach x4  
  65  7:11  Drone x2  
  67  7:18  Lair  
  67  7:27  Overlord  
  67  7:28  Overlord  
  67  7:46  Drone x2  
  67  7:48  Roach  
  67  7:49  Roach x2  
  75  7:54  Overlord x2  
  75  7:55  Overlord  
  75  8:00  Zerg Missile Weapons Level 1  
  75  8:05  Overlord x2  
  75  8:24  Hatchery  
  74  8:46  Glial Reconstitution  
  74  8:51  Extractor  
  73  9:01  Evolution Chamber  
  71  9:13  Hydralisk Den  
  71  9:16  Spore Crawler  
  69  9:21  Spore Crawler  
  68  9:25  Extractor  
  68  9:26  Queen x2  
  68  9:28  Extractor  
  70  9:41  Drone x2  
  70  9:42  Drone x2  
  70  9:43  Drone x3  
  70  9:45  Drone x3  
  77  10:02  Queen x2  
  77  10:03  Hydralisk x3  
  63  10:32  Hydralisk x5  
  63  10:33  Hydralisk  
  64  10:37  Queen  
  66  10:49  Drone x2  
  68  11:00  Hydralisk x2  
  72  11:09  Hydralisk x2  
  75  11:32  Hydralisk x6  
  65  11:36  Zerg Missile Weapons Level 2  
  77  11:41  Hydralisk x2  
  81  11:52  Drone  
  82  12:02  Hydralisk x3  
  88  12:11  Hatchery  
  88  12:12  Muscular Augments  
  87  12:21  Hydralisk x3  
  81  12:46  Hydralisk  
  81  12:47  Hydralisk x4  
  81  12:59  Hydralisk x3  
  81  13:13  Hydralisk x3  
  83  13:27  Hydralisk x3  
  83  13:42  Queen  
  83  13:45  Drone x5  
  90  13:57  Pneumatized Carapace  
  90  14:00  Drone x5  
  95  14:06  Extractor  
  95  14:08  Extractor  
  93  14:12  Zerg Ground Armor Level 2  
  93  14:28  Drone  
  93  14:29  Roach Warren  
  93  14:32  Drone x3  
  93  14:33  Drone x2  
  93  14:34  Drone  
  99  14:45  Drone x4  
  103  14:46  Drone  
  103  14:51  Hydralisk  
  106  14:53  Overlord x2  
  102  15:26  Hydralisk x6  
  102  15:27  Hydralisk x5  
  96  15:38  Drone  
  97  15:55  Hydralisk x5  
  107  16:01  Hatchery  
  94  16:08  Hydralisk x3  
  94  16:09  Hydralisk  
  84  16:38  Roach x7  
  84  16:39  Roach x5  
  100  17:07  Hydralisk x8  
  116  17:20  Drone x6, Extractor  
  116  17:21  Extractor  
  116  17:22  Drone  
  121  17:46  Hydralisk  
  121  17:47  Hydralisk x2  
  123  17:56  Hydralisk x6  
  111  18:08  Roach x3  
  111  18:09  Roach x2  
  111  18:12  Drone  
  122  18:13  Drone  
  122  18:15  Drone  
  122  18:17  Drone  
  119  18:37  Roach x4  
  125  18:43  Ravager  
  125  18:45  Overlord x4  
  102  18:58  Roach x4  
  110  19:09  Roach x3  
  116  19:15  Drone x6  
  122  19:29  Hatchery  
  99  19:39  Roach  
  99  19:40  Roach x4  
  99  19:41  Roach  
  111  19:47  Drone  
  111  19:48  Drone x3  
  111  19:50  Drone x2  
  117  19:59  Grooved Spines  
  117  20:02  Roach x3  
  117  20:03  Roach  
  125  20:16  Spire  
  124  20:26  Drone x2  
  124  20:27  Infestation Pit  
  125  20:31  Drone x4  
  125  20:32  Drone x5  
  134  20:36  Roach  
  134  20:37  Roach x3  
  142  21:03  Hive  
  142  21:05  Roach x10  
  162  21:13  Roach x2  
  166  21:20  Overlord x4  
  166  21:22  Overlord x2  
  166  21:38  Mutalisk  
  166  21:39  Mutalisk x8  
  184  21:45  Mutalisk  
  184  21:46  Mutalisk x2  
  190  22:23  Roach  
  190  22:24  Roach x4  
  180  23:23  Hydralisk  
  180  23:24  Hydralisk x15  
  172  23:35  Hydralisk x4  
  174  24:01  Hydralisk x6  
  182  24:13  Hydralisk  
  182  24:14  Hydralisk x3  
  186  24:28  Hydralisk x7  
Tags
 
Add a new tag
Caveats
  • Supply blocks, unpowered buildings, or Contaminate may cause inaccurate times.
  • Supply counts are checked every 10 seconds.